 Dungeon Crawl Stone Soup version 0.20.1-1-g8b1a95d (console) character file.

1934 vuolankoinen the Grave Robber (level 8, 0/73 HPs)
             Began as a Deep Dwarf Necromancer on Nov 4, 2017.
             Was a Follower of Makhleb.
             Slain by a bullfrog zombie (2 damage)
             ... on level 8 of the Dungeon on Nov 5, 2017.
             The game lasted 00:43:06 (6693 turns).

vuolankoinen the Grave Robber (DDNe)                Turns: 6693, Time: 00:43:06

Health: 0/73       AC:  4    Str: 14    XL:     8   Next: 97%
Magic:  2/15       EV: 13    Int: 19    God:    Makhleb [*.....]
Gold:   412        SH:  0    Dex: 13    Spells: 9/17 levels left

rFire    . . .     SeeInvis .   j - +0 hand axe
rCold    + . .     Gourm    .   (no shield)
rNeg     . . .     Faith    .   p - +0 leather armour
rPois    .         Spirit   .   (no helmet)
rElec    .         Reflect  .   v - +0 cloak
rCorr    .         Harm     .   (no gloves)
MR       +....                  (no boots)
Stlth    ++........             (no amulet)
Regen    0.0/turn               k - +3 ring of intelligence
MPRegen  0.2/turn               x - ring of protection from cold

@: non-regenerating
A: damage resistance, heal wounds, sense surroundings 1, no regeneration
a: Heal Wounds, Renounce Religion


You were on level 8 of the Dungeon.
You worshipped Makhleb.
Makhleb was aware of your devotion.
You were hungry.

You visited 2 branches of the dungeon, and saw 9 of its levels.

You collected 412 gold pieces.

Inventory:

Hand Weapons
 h - a -1 dagger
 j - a +0 hand axe (weapon)
 y - a cursed -2 dagger
Armour
 a - a +0 robe
 p - a +0 leather armour (worn)
 v - a +0 cloak (worn)
Magical Staves
 n - an uncursed staff of fire
Jewellery
 k - a +3 ring of intelligence (left hand)
 t - an uncursed ring of protection from magic
 x - a ring of protection from cold (right hand)
Wands
 o - a wand of lightning (0/15)
 B - a wand of iceblast (5/15)
 D - a wand of iceblast (3/15)
Scrolls
 d - 9 scrolls of teleportation
 e - 2 scrolls of identify
 f - 4 scrolls of enchant weapon {unknown}
 l - 4 scrolls of remove curse
 q - a scroll of fog {unknown}
 s - a scroll of immolation {unknown}
 G - a scroll of random uselessness {unknown}
 J - a scroll of magic mapping {unknown}
 K - a scroll of fear {unknown}
Potions
 i - 3 potions of cancellation {unknown}
 r - a potion of flight {unknown}
 w - 2 potions of brilliance {unknown}
 z - a potion of magic {unknown}
 A - a potion of curing {unknown}
 C - a potion of might {unknown}
 E - a potion of agility {unknown}
 F - a potion of degeneration {unknown}
 I - a potion of berserk rage {unknown}
Books
 b - a book of Necromancy

   Spells                             Type                      Level
   a - Pain                           Necromancy                   1
   b - Animate Skeleton               Necromancy                   1
   c - Vampiric Draining              Necromancy                   3
   d - Regeneration                   Charms/Necromancy            3
   e - Animate Dead                   Necromancy                   4
   f - Control Undead                 Necromancy                   4
Comestibles
 c - 2 bread rations
 g - 4 meat rations
 m - 4 chunks of flesh
 u - 6 fruits
 L - 2 royal jellies


   Skills:
 * Level 4.7 Fighting
 * Level 4.9 Axes
 + Level 2.7 Armour
 + Level 4.2 Dodging
 + Level 3.8 Stealth
 + Level 5.2 Spellcasting
 + Level 6.9 Necromancy
 + Level 0.6 Evocations


You had 9 spell levels left.
You knew the following spells:

 Your Spells              Type           Power        Failure   Level  Hunger
a - Pain                  Necr           ####         1%          1    None
b - Vampiric Draining     Necr           ####......   2%          3    ##.....
c - Animate Dead          Necr           N/A          9%          4    ####...


Dungeon Overview and Level Annotations

Branches:
Dungeon (8/15)             Temple (1/1) D:7
   Lair: D:8-11

Altars:
Ashenzari
Elyvilon
Gozag
Makhleb
Qazlal
Ru
Trog

Annotations:
D:5 Eustachio, Sigmund
D:6 exclusion: electric eel, Menkaure, Pikel


Innate Abilities, Weirdness & Mutations

You are resistant to damage.
You can heal yourself by infusing magical energy.
You passively map a small area around you.
You do not regenerate.


Message History

You hit the bullfrog zombie.
The bullfrog zombie is heavily damaged.
The bullfrog zombie hits you.
* * * LOW HITPOINT WARNING * * *
The bullfrog zombie hits you.
* * * LOW HITPOINT WARNING * * *
You hit the bullfrog zombie.
The bullfrog zombie is heavily damaged.
The bullfrog zombie hits you but does no damage.
Okay, then.
You closely miss the bullfrog zombie.
The bullfrog zombie is heavily damaged.
The bullfrog zombie hits you.
* * * LOW HITPOINT WARNING * * *
You hit the bullfrog zombie.
The bullfrog zombie is severely damaged.
The bullfrog zombie hits you.
* * * LOW HITPOINT WARNING * * *
The bullfrog zombie hits you.
You die...

* ..#
#.#.# ,,,
,..# #.#.#
** #.#
#.#.# #.#
#.#.# #.#
#.#.#
#.####.#.#
#........#
*
#.########
* #.# #Z#
* * #@#
........#
,
.=....#.#
,
.####.#.#
. ... * *
, *## ###
* * ,* * *
* , , , *
* * , , *


You could see a bullfrog zombie.

Vanquished Creatures
  A hippogriff (D:7)
  An ice beast (D:5)
  3 black bears
  A sky beast (D:7)
  2 centaurs
  2 ogres
  2 bullfrogs (D:7)
  2 scorpions
  2 centaur zombies
  A crimson imp (D:7)
  A bullfrog skeleton (D:6)
  An orc priest (D:4)
  4 hounds
  5 orc wizards
  An iguana (D:7)
  6 worker ants
  9 adders
  A howler monkey skeleton (D:4)
  2 shadow imps (D:5)
  2 dart slugs
  4 leopard geckos
  13 orcs
  10 bats
  3 giant cockroaches
  8 goblins
  A hobgoblin (D:2)
  5 quokkas
  2 frilled lizards
  A jackal skeleton (D:4)
  3 kobolds
  A leopard gecko skeleton (D:5)
  A quokka skeleton (D:7)
  6 rats
  A plant (D:3)
108 creatures vanquished.

Vanquished Creatures (others)
  A fungus (D:8)
1 creature vanquished.

Grand Total: 109 creatures vanquished

Notes
Turn   | Place    | Note
-------+----------+-------------------------------------------
     0 | D:1      | vuolankoinen the Deep Dwarf Necromancer began the quest for the Orb.
     0 | D:1      | Reached XP level 1. HP: 15/15 MP: 3/3
   443 | D:1      | Reached XP level 2. HP: 19/24 MP: 4/4
   464 | D:1      | Reached skill level 1 in Fighting
   570 | D:2      | Found a stormy altar of Qazlal.
   930 | D:3      | Found a shattered altar of Ashenzari.
   986 | D:3      | Reached XP level 3. HP: 15/31 MP: 2/5
  1175 | D:3      | Learned a level 3 spell: Vampiric Draining
  2140 | D:4      | Noticed an ogre
  2150 | D:3      | Reached XP level 4. HP: 24/39 MP: 2/6
  2459 | D:4      | Reached skill level 1 in Armour
  2648 | D:4      | Reached XP level 5. HP: 36/45 MP: 8/8
  2802 | D:4      | Reached skill level 5 in Necromancy
  2807 | D:4      | Reached XP level 6. HP: 45/55 MP: 6/10
  2984 | D:4      | Learned a level 4 spell: Animate Dead
  2992 | D:5      | Entered Level 5 of the Dungeon
  3130 | D:5      | Noticed Sigmund
  3492 | D:5      | Found a bloodstained altar of Trog.
  3493 | D:5      | Noticed Eustachio
  4190 | D:6      | Noticed Menkaure
  4224 | D:6      | Found an opulent altar of Gozag.
  4411 | D:4      | Reached skill level 1 in Axes
  4411 | D:4      | Reached XP level 7. HP: 28/62 MP: 2/11
  4441 | D:4      | Found a burning altar of Makhleb.
  4452 | D:4      | Became a worshipper of Makhleb the Destroyer
  5051 | D:5      | Reached skill level 6 in Necromancy
  5741 | D:7      | Reached XP level 8. HP: 60/72 MP: 2/14
  5966 | D:7      | Reached * piety under Makhleb
  6019 | D:6      | Noticed Pikel
  6175 | D:7      | Noticed a hippogriff
  6214 | D:7      | Found a staircase to the Ecumenical Temple.
  6398 | D:7      | Killed a hippogriff
  6468 | Temple   | Entered the Ecumenical Temple
  6523 | D:8      | Reached skill level 5 in Spellcasting
  6625 | D:8      | Found a white marble altar of Elyvilon.
  6693 | D:8      | HP: 2/73 [bullfrog zombie (2)]
  6693 | D:8      | Slain by a bullfrog zombie

Skill      XL: |  1  2  3  4  5  6  7  8 |
---------------+-------------------------+-----
Fighting       | 1 2 3 4 |  4.7
Stealth        | 3 |  3.8
Dodging        | 3 4 |  4.2
Armour         | 1 2 |  2.7
Spellcasting   | 2 3 4 5 |  5.2
Necromancy     | 5 6 |  6.9
Axes           | 1 3 4 |  4.9
Evocations     | |  0.6

Action                   |  1- 3 |  4- 6 |  7- 9 || total
-------------------------+-------+-------+-------++-------
Melee: Dagger            |    83 |    37 |       ||   120
       Unarmed           |     2 |       |       ||     2
       Staff             |       |     8 |       ||     8
       Hand axe          |       |       |   244 ||   244
 Cast: Pain              |    46 |    32 |    14 ||    92
       Vampiric Draining |     8 |    18 |    54 ||    80
Evoke: Wand              |       |     6 |       ||     6
  Use: Scroll            |       |     5 |       ||     5
       Potion            |       |       |     3 ||     3
 Stab: Sleeping          |     2 |       |     3 ||     5
  Eat: Chunk             |     5 |     5 |     7 ||    17
       Bread ration      |       |     1 |     1 ||     2
Armor: Robe              |     3 |       |       ||     3
       Leather armour    |    21 |     9 |    57 ||    87
Dodge: Dodged            |    62 |    51 |   140 ||   253
